 Dungeon Crawl Stone Soup version 0.30-a0-879-ga8ba668304 (webtiles) character file.

Game seed: 2102694457636468507

2 Parcival the Caller (level 1, 13/13 HPs)
             Began as a Vampire Summoner on Mar 13, 2023.
             Quit the game on level 1 of the Dungeon.
             The game lasted 00:00:39 (48 turns).

Parcival the Caller (Vampire Summoner)                Turns: 48, Time: 00:00:40

Health: 13/13      AC:  2    Str:  7    XL:     1   Next: 33%
Magic:  2/3        EV: 12    Int: 17    God:
Gold:   0          SH:  0    Dex: 14    Spells: 3/4 levels left

rFire   . . .      SeeInvis +    (no weapon)
rCold   . . .      Faith    .    (no shield)
rNeg    . . .      Spirit   .    a - +0 robe
rPois   .          Reflect  .    (no helmet)
rElec   .          Rampage  .    (no cloak)
rCorr   .                        (no gloves)
Will    .....                    (no boots)
Stlth   ++                       (no amulet)
HPRegen 0.42/turn                (no ring)
MPRegen 0.08/turn                (no ring)

@: healing quickly
A: alive, fangs 3, see invisible, vampiric 1
a: Exsanguinate


You were on level 1 of the Dungeon.
You visited 1 branch of the dungeon, and saw 1 of its levels.

Inventory:

Armour
 a - a +0 robe (worn)
Potions
 b - a potion of magic
 c - 2 potions of attraction {unknown}


   Skills:
 + Level 2.2 Dodging
 + Level 3.0 Stealth
 + Level 2.0 Spellcasting
 + Level 4.1 Summonings


You had 3 spell levels left.
You knew the following spells:

 Your Spells              Type           Power      Damage    Failure   Level
a - Summon Small Mammal   Summ           60%        N/A       3%          1

Your spell library contained the following spells:

 Spells                   Type           Power      Damage    Failure   Level
 Call Imp                 Summ           15%        N/A       5%          2
 Call Canine Familiar     Summ           15%        N/A       11%         3
 Summon Guardian Golem    Hex/Summ       8%         N/A       26%         3
 Summon Lightning Spire   Summ/Air       8%         N/A       63%         4


Dungeon Overview and Level Annotations

Branches:
Dungeon (1/15)

Altars:


Innate Abilities, Weirdness & Mutations

Your natural rate of healing is accelerated.
You have razor-sharp teeth.
You have supernaturally acute eyesight. (SInv)
You are afflicted with vampirism.


Message History

The giant cockroach closely misses your quokka.
Your quokka closely misses the giant cockroach.
Your bat closely misses the giant cockroach.
Your bat barely misses the giant cockroach.
The giant cockroach bites your quokka.
Your quokka bites the giant cockroach.
Your bat closely misses the giant cockroach.
You see here a kobold skeleton.
Your bat hits the giant cockroach.
The giant cockroach dies!
There is an open door here.
You swap places.
A dart slug comes into view.
Your bat hits the goblin. The goblin hits you with a +0 dagger.
You swap places.
Your quokka completely misses the goblin.
Your bat closely misses the goblin.
Your bat hits the goblin.
The goblin completely misses your quokka.
Your quokka completely misses the goblin.
There is an open door here.
Okay, then.
Your bat barely misses the goblin.
Your quokka bites the goblin.
The goblin dies!
You see here a kobold skeleton.
You see here a kobold skeleton.
You see here a kobold skeleton.
A slug dart appears from out of your range of vision.
The slug dart hits your bat.
Your bat dies!
Your bat's corpse disappears in a puff of smoke!
You see here a kobold skeleton.
Your quokka disappears in a puff of smoke!
You see here a kobold skeleton.
You see here a kobold skeleton.
You open the door.
A bat comes into view.
The dart slug launches a dart at you. The slug dart misses you.
There is an open door here.
Unknown command.
Are you sure you want to abandon this character and quit the game? (Confirm with "yes".)

...........
....b.....
.........
.....[.###
#.......#
.###.......###
...........).#
#....@...#.#
......##'###'#
..##.
##.###÷## #
#÷.÷>..÷#
#÷÷.#..÷#
#.÷.#.w÷#
#...#...#
#÷..÷.÷÷#
#.÷÷<...#


You could see a bat (wandering).

Vanquished Creatures (collateral kills)
  A giant cockroach (D:1)
  A goblin (D:1)
2 creatures vanquished.

Notes
Turn   | Place    | Note
-------+----------+-------------------------------------------
     0 | D:1      | Parcival the Vampire Summoner began the quest for the Orb.
     0 | D:1      | Reached XP level 1. HP: 13/13 MP: 3/3
    48 | D:1      | Quit the game

Illustrated notes

Levels and vault maps discovered:
D:1:      heliophobic_arrival_battle_scene, layout_rooms

Action                     || total
---------------------------++-------
   Cast: Summon Small Mamm ||     3
  Dodge: Dodged            ||     2

Table legend: (Time is in decaauts)
 A = Elapsed time spent in this place.
 B = Non-inter-level travel time spent in this place.
 C = Inter-level travel time spent in this place.
 D = Time resting spent in this place.
 E = Time spent auto-exploring this place.
 F = Levels seen in this place.
 G = Mean time per level.
                   A        B        C        D        E       F      G
               +--------+--------+--------+--------+--------+-----+--------+
         Total |     48 |     48 |      0 |      0 |     12 |   1 |   48.0 |
       Dungeon |     48 |     48 |      0 |      0 |     12 |   1 |   48.0 |
               +--------+--------+--------+--------+--------+-----+--------+

Top non-repeatable levels by time:
     D:1: 48 daAuts
